 Dungeon Crawl Stone Soup version 0.30.0 (webtiles) character file.

Game seed: 2121961628251461738

36 draxtrx500 the Chiller (level 3, -1/28 HPs)
             Began as a Deep Elf Ice Elementalist on Dec 9, 2023.
             Slain by a goblin
             ... wielding a +0 dagger
             ... led by Robin
              (5 damage)
             ... on level 1 of the Dungeon.
             The game lasted 00:14:09 (1407 turns).

draxtrx500 the Chiller (Deep Elf Ice Elementalist)  Turns: 1407, Time: 00:14:10

Health: -1/28      AC:  2    Str:  5    XL:     3   Next: 19%
Magic:  10/10      EV: 12    Int: 21    God:
Gold:   68         SH:  0    Dex: 15    Spells: 8/9 levels left

rFire   . . .        e - +3 hand axe
rCold   . . .        (no shield)
rNeg    . . .        a - +0 robe
rPois   .            (no helmet)
rElec   .            (no cloak)
rCorr   .            (no gloves)
SInv    .            (no boots)
Will    .....        (no amulet) Stlth
                     (no ring)
HPRegen 0.24/turn    (no ring)
MPRegen 0.12/turn

%: no passive effects
@: berserking, very quick
A: no striking features
a: no special abilities


You were on level 1 of the Dungeon.
You visited 1 branch of the dungeon, and saw 2 of its levels.

You collected 68 gold pieces.

Inventory:

Hand Weapons
 e - a +3 hand axe (weapon)
Armour
 a - a +0 robe (worn)
Scrolls
 d - a scroll of identify
Potions
 b - a potion of magic


   Skills:
 + Level 2.5 Dodging
 + Level 2.6 Stealth
 * Level 3.6 Spellcasting
 * Level 5.1 Ice Magic


You had 8 spell levels left.
You knew the following spells:

 Your Spells              Type           Power      Damage    Failure   Level
a - Freeze                Ice            100%       1d10      1%          1

Your spell library contained the following spells:

 Spells                   Type           Power      Damage    Failure   Level
 Frozen Ramparts          Ice            50%        1d8       4%          3
 Ozocubu's Armour         Ice            25%        N/A       4%          3
 Summon Ice Beast         Ice/Summ       14%        N/A       38%         4


Dungeon Overview and Level Annotations

Branches:
Dungeon (2/15)

Altars:

Annotations:
D:1 Robin


Message History

There is a stone staircase leading down here.
You climb downwards.
Level annotation: Robin The hobgoblin hits you.
The goblin barely misses you. The goblin hits you with a +0 dagger.
The hobgoblin hits you. The hobgoblin barely misses you.
Robin throws the goblin at you!
There is a stone staircase leading up, spattered with blood here.
The hobgoblin hits you but does no damage.
The goblin hits you but does no damage. The endoplasm freezes you.
You are frozen.
The hobgoblin closely misses you.
You climb upwards.
There is a stone staircase leading down here.
As you read the scroll labelled QOSIQA ZUMOYD, it crumbles to dust.
It is a scroll of identify.
c - a potion of berserk rage The goblin hits you with a +0 club.
The goblin closely misses you. The hobgoblin hits you. x2
* * * LOW HITPOINT WARNING * * *
It was a potion of curing.
You feel better. The goblin misses you. The goblin hits you but does no damage.
The hobgoblin barely misses you. The hobgoblin closely misses you.
Robin roars a battlecry!
The goblins go into a battle-frenzy!
A red film seems to cover your vision as you go berserk!
You feel yourself moving faster!
You feel mighty! The goblin misses you. The goblin hits you with a +0 dagger.
The hobgoblin hits you. The hobgoblin closely misses you.
You slash the hobgoblin!
You kill the hobgoblin!
You hit the goblin.
You kill the goblin!
You barely miss the goblin. You hit the hobgoblin. You barely miss Robin.
The goblin hits you with a +0 dagger. The hobgoblin barely misses you.
Robin hits you with a +0 spear.
* * * LOW HITPOINT WARNING * * *
You are too berserk!
You miss the goblin. You barely miss the hobgoblin. You hit Robin.
You hit the endoplasm. The goblin hits you with a +0 dagger.
You die...

#.#.#.# #.#.#.# #.#.#.#
################.#.#.#
..............)..#.#.###
###############..#.#...#
#..#.#.### #######
###############J†#.#.# #......
...............g@#.#.# #.#####
#######..#.##.#gg#.#.# #.# #
#........#.g#.#.######.# #
#.⌠...⌠..#..#.#........# #
######..#'#...#..#.##############
........#<#...#..#...............
........###...#..################
.......⌠...⌠..#..###.......[.#
######.......................#


You could see Robin, an endoplasm, 2 hobgoblins and a goblin (strong).

Vanquished Creatures
  2 dart slugs (D:1)
  3 ball pythons (D:1)
  4 bats (D:1)
  2 endoplasms (D:1)
  A giant cockroach (D:1)
  5 goblins (D:1)
  4 hobgoblins (D:1)
  A quokka (D:1)
  A frilled lizard (D:1)
  3 kobolds (D:1)
  A rat (D:1)
27 creatures vanquished.

Notes
Turn   | Place    | Note
-------+----------+-------------------------------------------
     0 | D:1      | draxtrx500 the Deep Elf Ice Elementalist began the quest
                  | for the Orb.
     0 | D:1      | Reached XP level 1. HP: 10/10 MP: 6/6
   143 | D:1      | Reached XP level 2. HP: 15/15 MP: 5/8
   171 | D:1      | Reached skill level 5 in Ice Magic
   361 | D:1      | Found a faded altar of an unknown god.
   632 | D:1      | Reached XP level 3. HP: 19/19 MP: 8/10
  1335 | D:2      | Noticed Robin
  1407 | D:1      | Slain by a goblin

Illustrated notes

Levels and vault maps discovered:
D:1:      scummos_arrival_simple_fountains, layout_basic, basic_ecumenical_altar
D:2:      layout_rooms, hex_large, nicolae_elevator_lobby_asterisk, uniq_robin

Skill      XL: |  1  2 |
---------------+-------+-----
Ice Magic      | 5 |  5.1
Dodging        | |  2.5
Stealth        | |  2.6
Spellcasting   | |  3.6

Action                     || total
---------------------------++-------
  Melee: Hand axe          ||     6
   Cast: Freeze            ||    33
    Use: Scroll            ||     3
         Potion            ||     2
   Stab: Sleeping          ||     1
 Armour: Robe              ||    12
  Dodge: Dodged            ||    40
